 Dungeon Crawl Stone Soup version 0.30-a0-639-g3916f1956a (webtiles) character file.

Game seed: 17024100931022019560

88 zinnoa the Grasshopper (level 4, -4/33 HPs)
             Began as a Human Warper on Jan 17, 2023.
             Slain by an orc
             ... wielding a +0 trident
              (6 damage)
             ... on level 3 of the Dungeon.
             The game lasted 00:16:12 (2283 turns).

zinnoa the Grasshopper (Human Warper)               Turns: 2283, Time: 00:16:13

Health: -4/33      AC:  3    Str: 13    XL:     4   Next: 81%
Magic:  16/16      EV: 12    Int: 14    God:
Gold:   158        SH:  0    Dex: 12    Spells: 3/7 levels left

rFire   . . .      SeeInvis .    a - +0 spear
rCold   . . .      Faith    .    (no shield)
rNeg    . . .      Spirit   .    b - +0 leather armour
rPois   .          Reflect  .    (no helmet)
rElec   .          Harm     .    (no cloak)
rCorr   .          Rampage  .    (no gloves)
Will    +....                    (no boots)
Stlth   +                        (no amulet)
HPRegen 0.25/turn                s - ring of magical power
MPRegen 0.15/turn                j - ring of willpower

@: no status effects
A: no striking features
a: no special abilities


You were on level 3 of the Dungeon.
You visited 1 branch of the dungeon, and saw 3 of its levels.

You collected 158 gold pieces.

Inventory:

Hand Weapons
 a - a +0 spear (weapon)
Missiles
 d - 7 boomerangs of dispersal
Armour
 b - a +0 leather armour (worn)
 l - a +0 ring mail
 o - a +0 helmet
 p - a +1 scale mail of willpower
 r - a +0 chain mail
Jewellery
 g - a ring of protection from cold
 j - a ring of willpower (right hand)
 s - a ring of magical power (left hand)
 u - a ring of fire
Scrolls
 c - a scroll of blinking
 f - a scroll of teleportation {unknown}
 h - 2 scrolls of identify {unknown}
 i - a scroll of butterflies {unknown}
 n - a scroll of torment {unknown}
 q - 2 scrolls of poison {unknown}
Potions
 e - a potion of flight
 k - a potion of mutation {unknown}
 m - a potion of might {unknown}
 t - a potion of magic {unknown}
 v - a potion of curing {unknown}


   Skills:
 + Level 2.1 Fighting
 + Level 3.3 Polearms
 + Level 1.0 Throwing
 + Level 1.6 Armour
 + Level 2.4 Dodging
 + Level 0.5 Stealth
 + Level 2.3 Spellcasting
 + Level 3.3 Translocations


You had 3 spell levels left.
You knew the following spells:

 Your Spells              Type           Power      Damage    Failure   Level
a - Blink                 Tloc           20%        N/A       11%         2
b - Lesser Beckoning      Tloc           20%        N/A       11%         2

Your spell library contained the following spells:

 Spells                   Type           Power      Damage    Failure   Level
 Teleport Other           Tloc           10%        N/A       22%         3
 Vhi's Electric Charge    Tloc/Air       12%        N/A       41%         3
 Manifold Assault         Tloc           10%        N/A       58%         4


Dungeon Overview and Level Annotations

Branches:
Dungeon (3/15)

Altars:
Ru


Message History

Casting: Blink (safe; 11% risk of failure)
Confirm with . or Enter, or press ? or * to list all spells.
You blink.
There are no items here.
You feel stable enough to blink again. The orc barely misses you.
The orc hits you but does no damage.
You hit the orc.
The orc is severely wounded.
The orc barely misses you. The orc misses you.
You barely miss the orc.
The orc is severely wounded.
The orc hits you with a +0 club. The orc barely misses you.
You hit the orc.
You kill the orc!
The orc hits you from afar with a +0 trident.
You hit the orc but do no damage.
The orc hits you from afar with a +0 trident.
The orc misses you.
You barely miss the orc. The orc closely misses you.
The orc hits you with a +0 mace.
You hit the orc.
The orc is lightly wounded.
The orc hits you from afar with a +0 trident.
The orc hits you with a +0 mace.
* * * LOW HITPOINT WARNING * * *
You closely miss the orc.
The orc is lightly wounded.
You barely miss the orc.
The orc is lightly wounded.
The orc hits you but does no damage. The orc closely misses you.
The orc completely misses you.
You hit the orc.
The orc is heavily wounded.
The orc hits you with a +0 mace.
* * * LOW HITPOINT WARNING * * *
The orc hits you from afar with a +0 trident.
* * * LOW HITPOINT WARNING * * *
The orc hits you from afar with a +0 trident.
You die...

##################..#
#........†..........#
...###########..#####
#..# ####.## #..#
#....# #..# ##.#### #
##.# ###..# # #..#
##...#######... # #..#
###..##oo@..>..#
###..###......o########
##.........##...#
#....##..####...#
#.......#####.o.#
##....####....o.##
#................#
..##.#####..[.o..#
..##.# #....§..#


You could see 3 orcs.

Vanquished Creatures
  3 adders (D:2)
  2 worms (D:2)
  3 dart slugs
  An orc (D:3)
  6 ball pythons
  3 endoplasms (D:2)
  A giant cockroach (D:1)
  5 goblins
  3 hobgoblins
  4 jackals (D:2)
  4 quokkas
  5 bats (D:1)
  2 kobolds (D:2)
  2 rats
44 creatures vanquished.

Vanquished Creatures (others)
  2 plants (D:1)
2 creatures vanquished.

Grand Total: 46 creatures vanquished

Notes
Turn   | Place    | Note
-------+----------+-------------------------------------------
     0 | D:1      | zinnoa the Human Warper began the quest for the Orb.
     0 | D:1      | Reached XP level 1. HP: 16/16 MP: 3/3
   216 | D:1      | Reached XP level 2. HP: 20/22 MP: 5/5
   219 | D:1      | Learned a level 2 spell: Blink
   224 | D:1      | Learned a level 2 spell: Lesser Beckoning
   658 | D:1      | Reached XP level 3. HP: 18/27 MP: 6/6
  1268 | D:2      | Found a faded altar of an unknown god.
  1337 | D:2      | Reached XP level 4. HP: 22/33 MP: 7/7
  1921 | D:2      | Found a sacrificial altar of Ru.
  2283 | D:3      | Slain by an orc

Illustrated notes

Levels and vault maps discovered:
D:1:      eino_arrival_water_cross, layout_loops_ring, minmay_hedge_maze,
          grunt_decor_arrowhead
D:2:      layout_basic, basic_altar, nicolae_ecumenical_snake_handling,
          dreamdust_princess_bridge, minmay_octomino_j4
D:3:      layout_rooms, saegor_snake_ambush

Skill      XL: |  1  2  3  4 |
---------------+-------------+-----
Polearms       | 3 |  3.3
Fighting       | |  2.1
Throwing       | |  1.0
Armour         | |  1.6
Dodging        | |  2.4
Stealth        | |  0.5
Spellcasting   | |  2.3
Translocations | |  3.3

Action                   |  1- 3 |  4- 6 || total
-------------------------+-------+-------++-------
Melee: Spear             |   130 |   117 ||   247
       Punch             |       |     2 ||     2
 Cast: Lesser Beckoning  |     1 |     1 ||     2
       Blink             |       |     2 ||     2
  Use: Potion            |       |     2 ||     2
 Stab: Sleeping          |     1 |     1 ||     2
Armor: Leather armour    |    34 |    15 ||    49
Dodge: Dodged            |    89 |    75 ||   164

Table legend: (Time is in decaauts)
 A = Elapsed time spent in this place.
 B = Non-inter-level travel time spent in this place.
 C = Inter-level travel time spent in this place.
 D = Time resting spent in this place.
 E = Time spent auto-exploring this place.
 F = Levels seen in this place.
 G = Mean time per level.
                   A        B        C        D        E       F      G
               +--------+--------+--------+--------+--------+-----+--------+
         Total |   2275 |   2259 |     16 |    279 |    878 |   3 |  758.3 |
       Dungeon |   2275 |   2259 |     16 |    279 |    878 |   3 |  758.3 |
               +--------+--------+--------+--------+--------+-----+--------+

Top non-repeatable levels by time:
     D:2: 1123 daAuts
     D:1: 1039 daAuts
     D:3: 112 daAuts
